 Dungeon Sprint DCSS version 0.19.1 (webtiles) character file.

1463 dvd the Basher (level 8, -3/57 HPs)
             Began as a Gargoyle Fighter on Dec 12, 2016.
             Was a Believer of Okawaru.
             Slain by a demonic crawler (6 damage)
             ... in the Dungeon (Sprint I: "Red Sonja").
             The game lasted 00:03:21 (800 turns).

dvd the Basher (Gargoyle Fighter)                    Turns: 800, Time: 00:03:22

Health: -3/57      AC: 13    Str: 21    XL:     8   Next: 77%
Magic:  7/8        EV: 10    Int:  8    God:    Okawaru [**....]
Gold:   339        SH: 12    Dex: 11    Spells: 0 memorised, 7 levels left

rFire  . . .     SeeInvis .     a - +0 flail
rCold  . . .     Gourm    .     b - +0 scale mail
rNeg   + . .     Faith    .     c - +0 shield
rPois  ∞         Spirit   .     (no helmet)
rElec  +         Reflect  .     (no cloak)
rCorr  .         Harm     .     (no gloves)
MR     .....     NoTele   +     (no boots)
Stlth  ..........               (no amulet)
                                (no ring)
                                (no ring)

@: exhausted, very slightly contaminated, slowed, invisible, very slow
A: negative energy resistance 1, electricity resistance, unbreathing,
petrification resistance, rot immunity, AC +5
a: Heroism, Renounce Religion


You were in the Dungeon.
You worshipped Okawaru.
Okawaru was pleased with you.
You were not hungry.

You visited 1 branch You collected 419 gold pieces.
You spent 80 gold pieces at shops.

Inventory:

Hand Weapons
 a - a +0 flail (weapon)
Armour
 b - a +0 scale mail (worn)
 c - a +0 shield (worn)
Scrolls
 k - a scroll of blinking
 l - 2 scrolls of identify {unknown}
Potions
 d - a potion of might
 e - a potion of curing
 h - a potion of haste
 i - 2 potions of magic
Comestibles
 f - a bread ration


   Skills:
 + Level 9.9 Fighting
 + Level 11.3 Maces & Flails
 + Level 10.0 Armour
 + Level 2.7 Dodging
 + Level 10.1 Shields
 + Level 0.4 Invocations


You had 7 spell levels left.
You didn't know any spells.

Dungeon Overview and Level Annotations

Branches:
Dungeon (1/1)

Altars:
Cheibriados
Dithmenos
Elyvilon
Fedhas
Gozag
Hepliaklqana
Kikubaaqudgha
Makhleb
Nemelex Xobeh
Okawaru
Qazlal
Ru
Sif Muna
Trog
Uskayaw
Vehumet
Xom
Yredelemnul
Zin
The Shining One
Jiyva
Lugonu

Shops:
D !


Innate Abilities, Weirdness & Mutations

You are resistant to torment.
Your stone body is resilient. (AC +5)
You are immune to poison.
You resist negative energy. (rN+)
You are resistant to electric shocks. (rElec)
You can survive without breathing.
You are immune to petrification.
You are immune to rotting.


Message History

The demonic crawler hits you.
* * * LOW HITPOINT WARNING * * *
You bludgeon the demonic crawler!!
You kill the demonic crawler!
Okawaru is honoured by your kill.
Your Armour skill increases to level 10!
Your Shields skill increases to level 10!
Unknown command.
You are too berserk!
You feel a strong urge to attack something.
You are no longer berserk.
You are exhausted.
You feel yourself slow down.
There is an open door, spattered with blood here.
You see here a giant club.
Unknown command.
You block the demonic crawler's attack.
The demonic crawler hits you but does no damage.
The demonic crawler hits you.
You die...

######################
#<.#..sss#..'..#__#.))
#..')@#..').#..'..'..#
#..#####'#####'#__####
#..####..#...#.#### #
#..#__####..##.#
#..#_____##'#..+
#⌠⌠#_.∩...'..._#
####_..__##_.#+#
#_____###+# #######


You could see 3 demonic crawlers.

Vanquished Creatures
  A demonic crawler (D)
  2 kobold demonologists (D)
  A slime creature (D)
  Sigmund (D)
  A yak (D)
  A floating eye (D)
  An ogre (D)
  A jelly (D)
  Ijyb (D)
10 creatures vanquished.

Notes
Turn   | Place    | Note
-------+----------+-------------------------------------------
     0 | D        | dvd the Gargoyle Fighter began the quest for the Orb.
     0 | D        | Reached XP level 1. HP: 14/14 MP: 1/1
     2 | D        | Noticed Ijyb
    19 | D        | Killed Ijyb
    19 | D        | Reached XP level 2. HP: 20/20 MP: 2/2
    19 | D        | Reached XP level 3. HP: 24/24 MP: 3/3
    22 | D        | Noticed an ogre
    30 | D        | Killed an ogre
    30 | D        | Reached skill level 4 in Maces & Flails
    30 | D        | Reached XP level 4. HP: 14/32 MP: 4/4
   211 | D        | Noticed Sigmund
   221 | D        | Killed Sigmund
   221 | D        | Reached skill level 6 in Maces & Flails
   221 | D        | Reached skill level 1 in Dodging
   221 | D        | Reached XP level 5. HP: 12/39 MP: 5/5
   221 | D        | Reached XP level 6. HP: 13/44 MP: 6/6
   450 | D        | Found a deep blue altar of Sif Muna.
   452 | D        | Found a radiant altar of Vehumet.
   467 | D        | Found Tirara's Distillery.
   467 | D        | Found an ancient bone altar of Kikubaaqudgha.
   467 | D        | Found a hazy altar of Hepliaklqana.
   467 | D        | Found a stormy altar of Qazlal.
   467 | D        | Found a hide-covered altar of Uskayaw.
   467 | D        | Found a blossoming altar of Fedhas.
   467 | D        | Found a bloodstained altar of Trog.
   467 | D        | Found an iron altar of Okawaru.
   467 | D        | Found a basalt altar of Yredelemnul.
   467 | D        | Found a glowing golden altar of the Shining One.
   467 | D        | Found a snail-covered altar of Cheibriados.
   467 | D        | Found a sacrificial altar of Ru.
   467 | D        | Found a glowing silver altar of Zin.
   467 | D        | Found a shadowy altar of Dithmenos.
   467 | D        | Found a white marble altar of Elyvilon.
   467 | D        | Noticed a yak
   479 | D        | Killed a yak
   479 | D        | Reached skill level 7 in Maces & Flails
   480 | D        | Found an opulent altar of Gozag.
   481 | D        | Found a sparkling altar of Nemelex Xobeh.
   487 | D        | Became a worshipper of Warmaster Okawaru
   513 | D        | Bought a potion of invisibility for 80 gold pieces
   524 | D        | Found a viscous altar of Jiyva.
   524 | D        | Found a corrupted altar of Lugonu.
   524 | D        | Noticed a slime creature
   525 | D        | Found a burning altar of Makhleb.
   525 | D        | Found a shimmering altar of Xom.
   537 | D        | Killed a slime creature
   537 | D        | Reached skill level 9 in Maces & Flails
   537 | D        | Reached XP level 7. HP: 23/50 MP: 7/7
   717 | D        | Noticed a kobold demonologist
   725 | D        | Noticed a kobold demonologist
   728 | D        | Killed a kobold demonologist
   728 | D        | Reached * piety under Okawaru
   728 | D        | Reached skill level 10 in Maces & Flails
   728 | D        | Reached XP level 8. HP: 56/56 MP: 8/8
   747 | D        | Killed a kobold demonologist
   747 | D        | Reached ** piety under Okawaru
   747 | D        | Reached skill level 11 in Maces & Flails
   758 | D        | Noticed a demonic crawler
   758 | D        | Noticed a demonic crawler
   758 | D        | Noticed a demonic crawler
   758 | D        | Noticed a demonic crawler
   795 | D        | HP: 2/85 [demonic crawler (6)]
   796 | D        | Killed a demonic crawler
   796 | D        | Reached skill level 10 in Armour
   796 | D        | Reached skill level 10 in Shields
   800 | D        | Slain by a demonic crawler

Skill      XL: |  1  2  3  4  5  6  7  8 |
---------------+-------------------------+-----
Fighting       | 4 6 7 8 9 |  9.9
Armour         | 4 6 7 8 9 10 | 10.0
Shields        | 4 6 7 8 9 10 | 10.1
Maces & Flails | 4 6 9 10 11 | 11.3
Dodging        | 1 2 |  2.7
Invocations    | |  0.4

Action                   |  1- 3 |  4- 6 |  7- 9 || total
-------------------------+-------+-------+-------++-------
Melee: Flail             |    24 |    35 |    45 ||   104
Invok: Heroism           |       |       |     2 ||     2
  Use: Potion            |       |       |     3 ||     3
Armor: Scale mail        |    10 |     6 |    38 ||    54
Dodge: Dodged            |     7 |     5 |    45 ||    57
Block: Shield            |     5 |    20 |    49 ||    74
